 Dungeon Crawl Stone Soup version 0.21.1-1-g345015fe64 (webtiles) character file.

818 Vandergrift the Shield-Bearer (level 7, -5/62 HPs)
             Began as a Deep Dwarf Fighter on Apr 1, 2018.
             Was an Initiate of Makhleb.
             Slain by Pikel
             ... wielding a +0 whip of electrocution
              (19 damage)
             ... on level 5 of the Dungeon.
             The game lasted 01:07:19 (5920 turns).

Vandergrift the Shield-Bearer (Deep Dwarf Fighter)  Turns: 5920, Time: 01:07:20

Health: -5/62      AC: 15    Str: 22    XL:     7   Next: 62%
Magic:  6/6        EV:  3    Int:  8    God:    Makhleb [......]
Gold:   183        SH: 18    Dex: 17    Spells: 6/6 levels left

rFire    . . .     SeeInvis .   n - +1 flail (protect)
rCold    . . .     Gourm    .   u - +0 large shield
rNeg     . . .     Faith    .   D - +1 plate armour
rPois    +         Spirit   .   (no helmet)
rElec    .         Reflect  +   (no cloak)
rCorr    .         Harm     .   (no gloves)
MR       +....                  (no boots)
Stlth    ..........             f - +3 amulet of reflection
HPRegen  0.00/turn              p - ring of poison resistance
MPRegen  0.10/turn              r - +5 ring of dexterity

@: protection aura, non-regenerating
A: damage resistance, heal wounds, deformed body, low mp 1, sense surroundings
1, no regeneration
a: Heal Wounds, Renounce Religion


You were on level 5 of the Dungeon.
You worshipped Makhleb.
Makhleb was noncommittal.
You were not hungry.

You visited 2 branches of the dungeon, and saw 6 of its levels.

You collected 183 gold pieces.

Inventory:

Hand Weapons
 a - a +0 flail
 k - a +2 long sword of slicing
 n - a +1 flail of protection (weapon)
 z - a +2 spear of pain
Missiles
 g - 81 stones (quivered)
 h - 13 sling bullets
 i - 37 poisoned needles
 m - 48 bolts
 q - 34 arrows
Armour
 b - a +0 scale mail
 u - a +0 large shield (worn)
 D - a +1 plate armour (worn)
Jewellery
 f - a +3 amulet of reflection (around neck)
 j - an uncursed ring of ice
 o - an uncursed ring of stealth
 p - a ring of poison resistance (left hand)
 r - a +5 ring of dexterity (right hand)
 t - a +6 ring of slaying {unknown}
 y - an uncursed ring of fire
Wands
 v - a wand of flame (22)
Scrolls
 s - a scroll of identify
 x - 2 scrolls of remove curse
 A - a scroll of teleportation
Potions
 c - a potion of lignification
 d - a potion of might
 e - 2 potions of mutation
 l - a potion of flight {unknown}
 w - a potion of brilliance {unknown}


   Skills:
 + Level 3.6 Fighting
 + Level 5.4 Maces & Flails
 + Level 1.1 Throwing
 + Level 5.3 Armour
 + Level 1.6 Dodging
 + Level 1.7 Stealth
 + Level 5.5 Shields


You had 6 spell levels left.
You didn't know any spells.

Dungeon Overview and Level Annotations

Branches:
Dungeon (5/15)             Temple (1/1) D:5

Altars:
Ashenzari
Elyvilon
Fedhas
Hepliaklqana
Kikubaaqudgha
Makhleb
Okawaru
Qazlal
Ru
Trog
Uskayaw
Wu Jian
Xom
Yredelemnul
The Shining One

Annotations:
D:5 Pikel


Innate Abilities, Weirdness & Mutations

You are resistant to damage.
You can heal yourself by infusing magical energy.
You passively map a small area around you.
You do not regenerate.
Armour fits poorly on your strangely shaped body.
Your magical capacity is low. (-10% MP)


Message History

Pikel hits you but does no damage. x2
You hit Pikel.
Pikel is lightly wounded.
You block Pikel's attack.
You hit Pikel.
Pikel is lightly wounded.
You block Pikel's attack.
Your shield and plate armour prevent you from hitting Pikel.
Pikel is lightly wounded.
Pikel hits you with a whip of electrocution!
You are electrocuted!
* * * LOW HITPOINT WARNING * * *
Your plate armour prevents you from hitting Pikel.
Pikel is lightly wounded.
You block Pikel's attack.
You hit Pikel but do no damage.
Pikel is lightly wounded.
You block Pikel's attack. Pikel hits you but does no damage.
You are electrocuted!
You die... * #< ######.# , '##.#.#..# , , , ...#.#..# , .......... , * .K...... * ,.p.ppo

..#K# ** * **
#.#@# #.#.# ,
,*#.#.# ######
* , #.#.#
#....#
*#.#.#####....#
#.#.#........#
*
#.#.#........#
,*
#.#..........#
#.###.)...####


You could see Pikel, 2 slaves and an orc.

Vanquished Creatures
  Sigmund (D:4)
  A phantom (D:4)
  The ghost of Ivernyr the Shooter, an amateur CeAM (D:3)
  A crimson imp (D:5)
  A hound (D:5)
  2 orc wizards (D:4)
  A bullfrog skeleton (D:4)
  A centaur skeleton (D:4)
  2 iguanas
  3 worker ants (D:5)
  A worker ant zombie (D:5)
  A gnoll (D:1)
  7 adders
  A shadow imp (D:5)
  2 oozes
  3 worms
  A dart slug (D:3)
  2 leopard geckos
  8 orcs
  6 giant cockroaches
  9 goblins
  10 hobgoblins
  A quokka (D:4)
  3 ball pythons
  12 bats
  8 frilled lizards
  3 kobolds
  9 rats
  A plant (D:4)
102 creatures vanquished.

Notes
Turn   | Place    | Note
-------+----------+-------------------------------------------
     0 | D:1      | Vandergrift the Deep Dwarf Fighter began the quest for the Orb.
     0 | D:1      | Reached XP level 1. HP: 20/20 MP: 1/1
    77 | D:1      | Reached XP level 2. HP: 25/27 MP: 2/2
   549 | D:1      | Reached XP level 3. HP: 27/34 MP: 3/3
  2288 | D:2      | Reached XP level 4. HP: 41/42 MP: 4/4
  2362 | D:2      | Reached skill level 1 in Dodging
  2374 | D:2      | Gained mutation: Armour fits poorly on your strangely shaped body. [potion of mutation]
  2374 | D:2      | Gained mutation: Your magical capacity is low. (-10% MP) [potion of mutation]
  2849 | D:3      | Reached XP level 5. HP: 43/49 MP: 4/4
  2863 | D:3      | Found an ornate altar of the Wu Jian Council.
  3135 | D:3      | Noticed Ivernyr's ghost (amateur CeAM)
  3166 | D:3      | Killed Ivernyr's ghost
  3513 | D:3      | Found a blossoming altar of Fedhas.
  3844 | D:4      | Reached skill level 1 in Stealth
  3844 | D:4      | Reached XP level 6. HP: 43/56 MP: 5/5
  3932 | D:4      | Reached skill level 1 in Throwing
  4808 | D:4      | Found a blossoming altar of Fedhas.
  4851 | D:4      | Found a bloodstained altar of Trog.
  4860 | D:4      | Found a hide-covered altar of Uskayaw.
  4879 | D:4      | Noticed Sigmund
  4899 | D:4      | Killed Sigmund
  4899 | D:4      | Reached skill level 5 in Maces & Flails
  4899 | D:4      | Reached skill level 5 in Shields
  4899 | D:4      | Reached XP level 7. HP: 25/62 MP: 6/6
  5282 | D:5      | Entered Level 5 of the Dungeon
  5287 | D:5      | Reached skill level 5 in Armour
  5607 | D:4      | Found a burning altar of Makhleb.
  5612 | D:4      | Became a worshipper of Makhleb the Destroyer
  5742 | D:5      | Found a staircase to the Ecumenical Temple.
  5768 | Temple   | Entered the Ecumenical Temple
  5903 | D:5      | Noticed Pikel
  5920 | D:5      | Slain by Pikel

Skill      XL: |  1  2  3  4  5  6  7 |
---------------+----------------------+-----
Fighting       | 3 |  3.6
Maces & Flails | 3 4 5 |  5.4
Dodging        | 1 |  1.6
Shields        | 4 5 |  5.5
Armour         | 4 5 |  5.3
Stealth        | 1 |  1.7
Throwing       | 1 |  1.1

Action                   |  1- 3 |  4- 6 |  7- 9 || total
-------------------------+-------+-------+-------++-------
Melee: Flail             |   146 |   209 |   111 ||   466
Throw: Stone             |       |    24 |    23 ||    47
 Abil: Heal Wounds       |     1 |     3 |     1 ||     5
  Use: Scroll            |       |     7 |     3 ||    10
       Potion            |       |     3 |       ||     3
 Stab: Sleeping          |     1 |     2 |       ||     3
  Eat: Ration            |     2 |     2 |     1 ||     5
Armor: Scale mail        |    14 |     2 |    14 ||    30
       Ring mail         |    69 |    42 |       ||   111
       Plate armour      |       |       |    14 ||    14
Dodge: Dodged            |    55 |    31 |    11 ||    97
Block: Shield            |   106 |    22 |       ||   128
       Large shield      |       |    99 |    94 ||   193
